 Dungeon Crawl Stone Soup version 0.23.2-33-g5129a83184 (webtiles) character file.

Game seed: 874655655165762272

115 beigtais the Magician (level 4, -2/30 HPs)
             Began as a Demonspawn Wizard on July 15, 2019.
             Slain by a gnoll
             ... wielding a +2 spear of freezing
              (10 damage)
             ... on level 2 of the Dungeon.
             The game lasted 00:17:36 (2469 turns).

beigtais the Magician (Demonspawn Wizard)           Turns: 2469, Time: 00:17:37

Health: -2/30      AC:  2    Str:  7    XL:     4   Next: 68%
Magic:  3/10       EV: 12    Int: 21    God:
Gold:   178        SH:  0    Dex: 11    Spells: 1/12 levels left

rFire    . . .     SeeInvis .   m - +0 dagger
rCold    + + .     Gourm    .   (no shield)
rNeg     . . .     Faith    .   j - +0 robe
rPois    .         Spirit   .   b - +0 hat
rElec    .         Reflect  .   (no cloak)
rCorr    .         Harm     .   (no gloves)
MR       .....                  (no boots)
Stlth    ++........             (no amulet)
HPRegen  0.10/turn              (no ring)
MPRegen  0.12/turn              (no ring)

@: no status effects
A: blink, cold resistance 2, wild magic 1, MP-powered wands
a: Blink


You were on level 2 of the Dungeon.
You were not hungry.

You visited 1 branch of the dungeon, and saw 2 of its levels.

You collected 178 gold pieces.

Inventory:

Hand Weapons
 e - a +0 short sword
 m - a +0 dagger (weapon)
Missiles
 h - 5 silver tomahawks (quivered)
 i - 98 stones
Armour
 b - a +0 hat (worn)
 j - a +0 robe (worn)
Scrolls
 a - a scroll of teleportation {unknown}
 f - a scroll of amnesia
 k - a scroll of fear {unknown}
Potions
 c - 2 potions of might
Comestibles
 d - 3 rations


   Skills:
 + Level 0.3 Short Blades
 + Level 2.0 Dodging
 + Level 1.9 Stealth
 * Level 4.5 Spellcasting
 * Level 2.0 Conjurations
 + Level 1.2 Summonings
 + Level 0.8 Translocations


You had one spell level left.
You knew the following spells:

 Your Spells              Type           Power        Failure   Level  Hunger
a - Magic Dart            Conj           ###.         8%          1    None
b - Call Imp              Summ           ##......     16%         2    #......
c - Blink                 Tloc           N/A          17%         2    #......
d - Conjure Flame         Conj/Fire      ##......     30%         3    ##.....
e - Mephitic Cloud        Conj/Pois/Air  #.......     34%         3    ##.....

Your spell library contained the following spells:

 Spells                   Type           Power        Failure   Level  Hunger
 Corona                   Hex            #......      17%         1    None
 Ensorcelled Hibernation  Hex/Ice        #.....       24%         2    #......
 Slow                     Hex            #.......     24%         2    #......
 Dazzling Spray           Conj/Hex       ##....       30%         3    ##.....
 Confuse                  Hex            #.......     43%         3    ##.....
 Tukima's Dance           Hex            #.......     43%         3    ##.....


Dungeon Overview and Level Annotations

Branches:
Dungeon (2/15)

Altars:
Wu Jian


Innate Abilities, Weirdness & Mutations

Your flesh is very cold resistant. (rC++)
You can translocate small distances at will.
Your spells are a little harder to cast, but a little more powerful.
You expend magic power (3 MP) to strengthen your wands.


Message History

Aiming: Magic Dart (safe; 8% risk of failure)
Press: ? - help, Shift-Dir - straight line, f/p - gnoll
Aim: a gnoll, wielding a +2 spear of freezing (heavily wounded)
The magic dart hits the gnoll.
The gnoll is severely wounded.
The gnoll hits you from afar with a +2 spear of freezing.
Your crimson imp blinks!
Casting: Magic Dart (safe; 8% risk of failure)
Confirm with . or Enter, or press ? or * to list all spells.
Aiming: Magic Dart (safe; 8% risk of failure)
Press: ? - help, Shift-Dir - straight line, f/p - gnoll
Aim: a gnoll, wielding a +2 spear of freezing (severely wounded)
The magic dart hits the gnoll but does no damage.
The gnoll is severely wounded.
The gnoll hits you from afar with a +2 spear of freezing!
The gnoll hits you from afar with a +2 spear of freezing!
* * * LOW HITPOINT WARNING * * *
The gnoll completely misses you.
The gnoll hits you from afar with a +2 spear of freezing!
You die...

#.######.........#...##..#.#
#.#................#.###.#.#
#.#.####.#####...#.#.###.#.#
#.#.###............#.......#
#....###.<......######.....#
#.###.##.###.......#........
####.###.).....#..###.#.###..##
#........#..g.###....)#.# #..##
#.###...##..##@#.####...###....
#.####..##..###.## #.........##
#.##........# #.# #.#########
#.##.#..##.## #.####.#
#.##.#..##.# #......#
#......5##.############
####.#.###...>.....รท..# #.#.#
############.# #.#.# #.#


You could see a gnoll.

Vanquished Creatures
  An adder (D:2)
  An ooze (D:1)
  4 bats
  A giant cockroach (D:1)
  2 goblins (D:1)
  8 hobgoblins
  2 ball pythons (D:1)
  A frilled lizard (D:2)
  7 kobolds
  2 rats
29 creatures vanquished.

Vanquished Creatures (collateral kills)
  An ogre (D:2)
  2 gnolls (D:2)
  3 adders (D:2)
  A giant cockroach (D:2)
  2 goblins (D:2)
  3 jackals (D:2)
  A quokka (D:2)
  A ball python (D:2)
  A frilled lizard (D:2)
15 creatures vanquished.

Vanquished Creatures (others)
  4 toadstools (D:2)
4 creatures vanquished.

Grand Total: 48 creatures vanquished

Notes
Turn   | Place    | Note
-------+----------+-------------------------------------------
     0 | D:1      | beigtais the Demonspawn Wizard began the quest for the Orb.
     0 | D:1      | Reached XP level 1. HP: 13/13 MP: 4/4
   350 | D:1      | Gained mutation: Your flesh is cold resistant. (rC+)
                  | [demonic ancestry]
   350 | D:1      | Reached XP level 2. HP: 8/19 MP: 0/6
   603 | D:1      | Learned a level 2 spell: Call Imp
   606 | D:1      | Learned a level 2 spell: Blink
   953 | D:1      | Gained mutation: You expend magic power (3 MP) to
                  | strengthen your wands. [potion of mutation]
   953 | D:1      | Gained mutation: You can translocate small distances at
                  | will. [potion of mutation]
   953 | D:1      | Gained mutation: Your spells are a little harder to cast,
                  | but a little more powerful. [potion of mutation]
   953 | D:1      | Gained mutation: Your flesh is very cold resistant. (rC++)
                  | [potion of mutation]
  1259 | D:2      | Noticed an ogre
  1320 | D:2      | Reached XP level 3. HP: 22/24 MP: 2/8
  1325 | D:2      | Learned a level 3 spell: Conjure Flame
  1567 | D:2      | Killed an ogre
  1567 | D:2      | Reached skill level 4 in Spellcasting
  1567 | D:2      | Reached XP level 4. HP: 30/30 MP: 2/10
  1634 | D:2      | Learned a level 3 spell: Mephitic Cloud
  1783 | D:2      | Found an ornate altar of the Wu Jian Council.
  2469 | D:2      | Slain by a gnoll

Skill      XL: |  1  2  3  4 |
---------------+-------------+-----
Dodging        | 2 |  2.0
Spellcasting   | 4 |  4.5
Conjurations   | 2 |  2.0
Short Blades   | |  0.3
Stealth        | |  1.9
Summonings     | |  1.2
Translocations | |  0.8

Action                   |  1- 3 |  4- 6 || total
-------------------------+-------+-------++-------
Melee: Short sword       |    18 |     7 ||    25
       Unarmed           |     3 |       ||     3
       Dagger            |       |     1 ||     1
 Cast: Magic Dart        |    50 |    21 ||    71
       Call Imp          |     8 |    16 ||    24
 Abil: Blink             |     1 |       ||     1
  Use: Scroll            |     5 |       ||     5
       Potion            |     2 |       ||     2
 Stab: Sleeping          |       |     3 ||     3
  Eat: Chunk             |     1 |     1 ||     2
       Ration            |       |     1 ||     1
Armor: Robe              |       |     3 ||     3
Dodge: Dodged            |    25 |    11 ||    36
